AoeStats
← CFn-Ez

Arena

509087803Analyzed
4v4 RM · 6d ago on Sep 25, 2026· 42m 50s· 8 players
Game mode
Random Map
Map size
Large (8 player)
Population
200
Speed
Normal
Resources
Standard
Victory
Conquest
Starting age
Dark Age
Ending age
Imperial Age
RankedLock teamsTeams togetherTeam positionsShared explorationLock speedFull tech treeHidden civsTurbo modeCheats
Victory
Defeat
🇭🇰 Turks · Hong Kong SAR China
1479
+16
🇺🇸 Saxons · United States
1421
+18
🇨🇳 Persians · China
1413
+19
🇨🇳 Franks · China
1402
+19
🇨🇳 Vikings · China
1489
-18
🇨🇳 Poles · China
1488
-19
🇭🇰 Britons · Hong Kong SAR China
1461
-18
🇦🇺 Persians · Australia
1445
-17
onon02122
10:29 Feudal Age
11:40 Double-Bit Axe
11:44 Horse Collar
14:37 Castle Age
16:27 Bow Saw
16:41 Heavy Plow
19:33 Gold Mining
21:48 Wheelbarrow
21:54 Stone Mining
23:10 Fletching
24:16 Bodkin Arrow
27:12 Imperial Age
25:15 Ballistics
24:59 Loom
25:21 Padded Archer Armor
26:28 Gold Shaft Mining
25:47 Town Watch
26:29 Leather Archer Armor
28:24 Squires
28:43 Bracer
28:56 Siege Engineers
28:26 Pikeman
29:54 Halberdier
31:17 Sappers
32:40 Conscription
35:19 Chemistry
35:50 Ring Archer Armor
34:50 Elite Skirmisher
36:14 Yeomen
36:37 Treadmill Crane
37:07 Masonry
38:22 Forging
苟住
10:14 Feudal Age
14:09 Castle Age
12:21 Double-Bit Axe
13:35 Horse Collar
15:20 Scale Barding Armor
23:24 Wheelbarrow
24:12 Heavy Plow
25:25 Bow Saw
28:37 Imperial Age
26:16 Gold Mining
26:50 Forging
26:42 Stone Mining
27:24 Loom
27:42 Town Watch
28:03 Fletching
28:38 Hand Cart
29:19 Szlachta Privileges
30:08 Iron Casting
30:50 Crop Rotation
29:42 Cavalier
31:27 Chain Barding Armor
32:52 Blast Furnace
32:33 Bloodlines
32:29 Bodkin Arrow
33:06 Conscription
33:25 Husbandry
33:26 Bracer
34:21 Scale Mail Armor
33:42 Pikeman
35:43 Chemistry
35:04 Ballistics
35:15 Block Printing
35:17 Chain Mail Armor
36:46 Theocracy
36:45 Sanctity
36:33 Squires
38:50 Plate Mail Armor
38:47 Padded Archer Armor
40:06 Light Cavalry
41:05 Leather Archer Armor
MaXimus
10:10 Feudal Age
13:40 Castle Age
13:51 Double-Bit Axe
15:05 Bow Saw
15:09 Horse Collar
15:59 Heavy Plow
20:43 Wheelbarrow
19:55 Loom
27:38 Imperial Age
25:01 Gold Mining
25:02 Stone Mining
26:28 Gold Shaft Mining
26:42 Scale Barding Armor
26:49 Forging
27:11 Husbandry
27:22 Bloodlines
28:09 Chain Barding Armor
29:56 Plate Barding Armor
29:57 Iron Casting
28:50 Cavalier
30:52 Hand Cart
31:27 Savar
33:40 Blast Furnace
33:50 Conscription
36:29 Heavy Camel Rider
黑石塔
11:15 Feudal Age
15:17 Castle Age
16:03 Loom
24:36 Fletching
26:59 Bodkin Arrow
30:00 Double-Bit Axe
33:17 Town Watch
41:17 Imperial Age
40:27 Pikeman
41:07 Squires
40:53 Arson
41:31 Scale Mail Armor
41:41 Forging
42:36 Chain Mail Armor
MacBookUser
6:14 Loom
9:05 Feudal Age
9:12 Man-at-Arms
9:58 Arson
13:33 Horse Collar
16:28 Fletching
19:41 Double-Bit Axe
25:00 Castle Age
26:00 Bow Saw
25:55 Heavy Plow
29:56 Wheelbarrow
31:16 Gold Mining
31:48 Bodkin Arrow
32:33 Padded Archer Armor
37:37 Imperial Age
36:27 Leather Archer Armor
37:11 Ballistics
37:22 Husbandry
37:32 Bloodlines
37:36 Thumb Ring
38:43 Bracer
39:55 Two-Man Saw
40:15 Hand Cart
39:46 Town Watch
40:09 Cranequins
42:27 Ring Archer Armor
43:37 Chemistry
42:34 Heavy Mounted Crossbowman
CFn-Ez
10:28 Feudal Age
12:37 Double-Bit Axe
15:13 Castle Age
13:13 Horse Collar
17:01 Bow Saw
16:49 Loom
20:26 Heavy Plow
22:31 Forging
23:34 Wheelbarrow
23:39 Gold Mining
24:37 Stone Mining
26:13 Hand Cart
30:44 Imperial Age
29:51 Scale Barding Armor
30:22 Iron Casting
31:05 Chain Barding Armor
31:23 Conscription
31:14 Elite War Elephant
32:01 Kamandaran
33:44 Two-Man Saw
34:28 Plate Barding Armor
34:55 Blast Furnace
35:21 Capped Ram
36:25 Siege Ram
42:50 Coinage
42:21 Caravan
H
10:21 Feudal Age
15:18 Castle Age
13:24 Double-Bit Axe
16:35 Bow Saw
22:18 Wheelbarrow
28:30 Imperial Age
26:20 Hand Cart
25:56 Gold Mining
26:52 Scale Barding Armor
27:24 Gold Shaft Mining
28:22 Chain Barding Armor
28:29 Husbandry
29:03 Cavalier
30:19 Plate Barding Armor
31:28 Conscription
30:37 Paladin
32:41 Forging
32:55 Chivalry
34:53 Town Watch
34:54 Loom
38:40 Coinage
KITCHIUYEAH
10:31 Feudal Age
14:37 Castle Age
12:40 Double-Bit Axe
13:10 Horse Collar
16:33 Bow Saw
20:17 Wheelbarrow
20:10 Gold Mining
24:10 Gold Shaft Mining
28:31 Imperial Age
26:14 Loom
26:21 Fletching
27:28 Ballistics
27:22 Bodkin Arrow
27:35 Thumb Ring
27:42 Bloodlines
27:32 Husbandry
28:08 Padded Archer Armor
28:32 Hand Cart
29:12 Bracer
29:58 Town Watch
30:51 Parthian Tactics
30:41 Masonry
32:59 Two-Man Saw
31:26 Heavy Cavalry Archer
32:27 Leather Archer Armor
33:42 Ring Archer Armor
35:43 Architecture
35:20 Treadmill Crane
36:33 Artillery
37:30 Sipahi
37:30 Conscription
37:45 Murder Holes
39:15 Caravan
39:46 Coinage
42:04 Heavy Plow
43:01 Hoardings
43:03 Banking
42:43 Guilds
Connection lost

Rejoining the realm…

Still unreachable

The connection could not be restored.

Session expired

The server has moved on; the page needs a fresh start.